 Dungeon Crawl Stone Soup version 0.29.1-1-gd02db6906a (webtiles) character file.

Game seed: 10867941117602190822

194 firemarshallily the Poker (level 5, -3/41 HPs)
             Began as a Demonspawn Gladiator on Oct 20, 2022.
             Was a Follower of Uskayaw.
             Splashed by a jelly's acid (9 damage)
             ... on level 4 of the Dungeon.
             The game lasted 00:06:29 (2710 turns).

firemarshallily the Poker (Demonspawn Gladiator)    Turns: 2710, Time: 00:06:30

Health: -3/41      AC:  0    Str: 17    XL:     5   Next: 44%
Magic:  5/5        EV: 12    Int:  9    God:    Uskayaw [*.....]
Gold:   242        SH:  5    Dex: 14    Spells: 4/4 levels left

rFire   . . .      SeeInvis .   a - +0 trident
rCold   . . .      Faith    .   s - +1 buckler
rNeg    . . .      Spirit   .   b - +0 leather armour
rPois   .          Reflect  .   (helmet restricted)
rElec   .          Harm     .   (no cloak)
rCorr   .          Rampage  .   f - +0 pair of gloves
Will    .....                   (no boots)
Stlth   +.........              (no amulet)
HPRegen 0.13/turn               (no ring)
MPRegen 0.09/turn               (no ring)

@: corroded
A: horns 1, foul stench 1
a: Renounce Religion, Stomp


You were on level 4 of the Dungeon.
You worshipped Uskayaw.
Uskayaw was noncommittal.
You visited 1 branch of the dungeon, and saw 4 of its levels.

You collected 242 gold pieces.

Inventory:

Hand Weapons
 a - a +0 trident (weapon)
Missiles
 d - 4 throwing nets (quivered)
 e - 6 javelins
 h - 35 stones
 o - 5 boomerangs
 r - 3 poisoned darts
Armour
 b - a +0 leather armour (worn)
 f - a +0 pair of gloves (worn)
 n - a +0 ring mail
 s - a +1 buckler (worn)
Wands
 t - a wand of digging (7)
Scrolls
 c - a scroll of poison {unknown}
 l - a scroll of butterflies
 p - a scroll of fear
 q - a scroll of amnesia
Potions
 g - a potion of cancellation {unknown}
 j - a potion of curing {unknown}
 k - 2 potions of heal wounds
 m - a potion of flight {unknown}


   Skills:
 + Level 3.2 Fighting
 * Level 4.3 Polearms
 - Level 1.7 Throwing
 + Level 2.0 Armour
 - Level 2.6 Dodging
 * Level 0.7 Shields


You had 4 spell levels left.
You didn't know any spells.
Your spell library was empty.

Dungeon Overview and Level Annotations

Branches:
Dungeon (4/15)
 Temple: D:4-7

Altars:
Uskayaw

Annotations:
D:3 Sigmund


Innate Abilities, Weirdness & Mutations

You have a pair of small horns on your head.
You may rarely emit foul miasma when damaged in melee.


Message History

Press: ? - help, Dir - move target, f/p - jackal
Aim: a jackal (severely wounded, about 47% to evade your +0 trident)
You closely miss the jackal.
The jackal is severely wounded.
The jackal misses you.
Unknown command.
Reach: a) +0 trident
Press: ? - help, Dir - move target, f/p - jackal
Aim: a jackal (severely wounded, about 47% to evade your +0 trident)
You closely miss the jackal. You headbutt the jackal.
The jackal is almost dead.
The jackal bites you but does no damage. x2
Reach: a) +0 trident
Press: ? - help, Dir - move target, f/p - jackal
Aim: a jackal (almost dead, about 47% to evade your +0 trident)
You hit the jackal.
You kill the jackal!
The endoplasm freezes you.
You are frozen.
You hit the endoplasm.
The endoplasm is heavily wounded.
You block the endoplasm's attack.
You puncture the endoplasm!
You kill the endoplasm!
c - a scroll labelled ULA ILIUPT You start resting.
You hear the brisk rusting of a drain very nearby.
A jelly comes into view.
The jelly quivers.
The jelly hits you but does no damage.
You hit the jelly. The acid corrodes you!
Your hands burn!
The jelly is moderately wounded.
The jelly barely misses you.
You puncture the jelly!
Your hands burn!
* * * LOW HITPOINT WARNING * * *
The jelly is severely wounded.
The jelly hits you.
* * * LOW HITPOINT WARNING * * *
You are splashed with acid!
You die...

#.# ##.# #.#
#.#.# #.# #.#.#
#.# #.#.#
#.####.#.#
#....#.#.#
####...#.######
##..#J......
#..@.......
#..########
##.# #.# ...
###


You could see a jelly.

Vanquished Creatures
  Jessica (D:3)
  Terence (D:2)
  3 gnolls (D:4)
  3 adders
  3 worms (D:2)
  A dart slug (D:1)
  2 orcs (D:4)
  3 ball pythons
  5 endoplasms
  5 giant cockroaches
  4 hobgoblins
  11 jackals
  6 quokkas
  5 bats
  A frilled lizard (D:2)
  7 goblins
  6 kobolds
  3 rats
70 creatures vanquished.

Notes
Turn   | Place    | Note
-------+----------+-------------------------------------------
     0 | D:1      | firemarshallily the Demonspawn Gladiator began the quest
                  | for the Orb.
     0 | D:1      | Reached XP level 1. HP: 16/16 MP: 1/1
   264 | D:1      | Reached skill level 3 in Polearms
   264 | D:1      | Gained mutation: You have a pair of small horns on your
                  | head. [demonic ancestry]
   264 | D:1      | Reached XP level 2. HP: 22/22 MP: 2/2
   632 | D:1      | Reached skill level 1 in Armour
   676 | D:1      | Reached XP level 3. HP: 28/28 MP: 3/3
   729 | D:1      | Found a faded altar of an unknown god.
   735 | D:1      | Prayed at the altar of an unknown god.
   735 | D:1      | Became a worshipper of Uskayaw the Reveller
   735 | D:1      | Reached * piety under Uskayaw
  1098 | D:2      | Reached ** piety under Uskayaw
  1235 | D:2      | You fall into a shaft and drop 1 floor!
  1249 | D:3      | Noticed Jessica
  1255 | D:3      | Killed Jessica
  1281 | D:3      | Noticed Sigmund
  1290 | D:3      | Noticed Terence
  1300 | D:2      | Reached XP level 4. HP: 28/34 MP: 4/4
  1876 | D:2      | Reached skill level 4 in Polearms
  2208 | D:2      | Killed Terence
  2209 | D:2      | Gained mutation: You may rarely emit foul miasma when
                  | damaged in melee. [demonic ancestry]
  2209 | D:2      | Reached XP level 5. HP: 31/41 MP: 5/5
  2710 | D:4      | Splashed by a jelly's acid

Illustrated notes

Levels and vault maps discovered:
D:1:      ncdulo_wetmaze, layout_loops_ring,
          hellmonk_ecumenical_altar_pennies_from_heaven
D:2:      layout_loops_ring
D:3:      layout_rooms, vehumet_crystals, uniq_jessica, uniq_natasha,
          uniq_sigmund, uniq_terence
D:4:      layout_basic, serial_shops, shop, portal_sewer_entry_a, uniq_edmund

Skill      XL: |  1  2  3  4  5 |
---------------+----------------+-----
Polearms       | 3 4 |  4.3
Armour         | 1 2 |  2.0
Fighting       | 3 |  3.2
Throwing       | |  1.7
Dodging        | |  2.6
Shields        | |  0.7

Action                   |  1- 3 |  4- 6 || total
-------------------------+-------+-------++-------
Melee: Trident           |   105 |   119 ||   224
       Headbutt          |    10 |    17 ||    27
  Use: Scroll            |       |     5 ||     5
       Potion            |       |     1 ||     1
 Stab: Sleeping          |     1 |     2 ||     3
Armor: Leather armour    |    38 |    26 ||    64
Dodge: Dodged            |    71 |    45 ||   116
Block: Buckler           |       |     5 ||     5
